 Dungeon Crawl Stone Soup version 0.24.0-123-gd5b16e6ec5 (webtiles) character file.

Game seed: 18045003143051077759, levelgen mode: deterministic

10488 Peloso the Carver (level 11, 0/95 HPs)
             Began as a Minotaur Fighter on Jan 7, 2020.
             Was a Believer of Okawaru.
             Slain by a death yak simulacrum (7 damage)
             ... in an ice cave.
             The game lasted 00:24:17 (10007 turns).

Peloso the Carver (Minotaur Fighter)               Turns: 10007, Time: 00:24:17

Health: 0/95       AC: 12    Str: 20    XL:     11   Next: 36%
Magic:  10/10      EV:  9    Int:  5    God:    Okawaru [**....]
Gold:   678        SH: 13    Dex: 12    Spells: 10/10 levels left

rFire    + + .     SeeInvis .   a - +1 falchion (drain)
rCold    + + .     Gourm    .   c - +1 shield
rNeg     . . .     Faith    .   z - +0 chain mail
rPois    +         Spirit   .   (helmet restricted)
rElec    +         Reflect  .   B - scarf {rC+ rF+}
rCorr    +         Harm     .   (no gloves)
MR       .....                  H - +0 pair of boots
Stlth    ..........             (no amulet)
HPRegen  0.25/turn              y - ring of poison resistance
MPRegen  0.12/turn              D - +4 ring of slaying

@: resistant
A: retaliatory headbutt, horns 2, weak 1
a: Heroism, Renounce Religion


You were in an ice cave.
You worshipped Okawaru.
Okawaru was pleased with you.
You were not hungry.

You visited 2 branches of the dungeon, and saw 12 of its levels.
You also visited: Ice Cave.

You collected 678 gold pieces.

Inventory:

Hand Weapons
 a - a +1 falchion of draining (weapon)
 b - a +0 vampiric dagger
 e - the +3 whip of Cyfiawki {holy, *Noise Int+3}
   (You found it on level 8 of the Dungeon)

   It has been blessed by the Shining One to cause great damage to the undead
   and demons.
   It affects your intelligence (+3).
   It may make noises in combat.
Armour
 c - a +1 shield (worn)
 k - a +2 pair of boots of running
 z - a +0 chain mail (worn)
 B - a scarf of resistance (worn)
 H - a +0 pair of boots (worn)
Jewellery
 o - a +2 ring of intelligence
 y - a ring of poison resistance (left hand)
 D - a +4 ring of slaying (right hand)
Wands
 d - a wand of disintegration (25)
 p - a wand of flame (22)
 r - a wand of random effects (20)
 v - a wand of paralysis (2)
 x - a wand of scattershot (12)
Scrolls
 i - 9 scrolls of teleportation
 j - 5 scrolls of fog
 n - 6 scrolls of remove curse
 A - 2 scrolls of enchant armour
 C - 2 scrolls of magic mapping
 F - a scroll of identify
Potions
 h - a potion of resistance
 l - a potion of heal wounds
 m - a potion of cancellation
 q - 6 potions of curing
 s - 4 potions of invisibility
 u - 2 potions of flight
 w - a potion of berserk rage {unknown}
 E - a potion of magic {unknown}
Comestibles
 f - 16 rations
 t - 9 chunks of flesh


   Skills:
 + Level 8.7 Fighting
 + Level 12.3 Long Blades
 + Level 8.9 Armour
 + Level 5.4 Dodging
 + Level 3.1 Stealth
 + Level 11.8 Shields
 + Level 0.1 Invocations


You had 10 spell levels left.
You didn't know any spells.
Your spell library contained the following spells:

 Spells                   Type           Power        Failure   Level  Hunger
 Confusing Touch          Hex            #.....       99%         1    ##.....
 Confuse                  Hex            #.......     100%        3    ####...
 Gell's Gravitas          Tloc           #.........   100%        3    ####...
 Petrify                  Tmut/Erth      #.......     100%        4    #####..
 Metabolic Englaciation   Hex/Ice        #.........   100%        5    ######.
 Yara's Violent Unravell  Hex/Tmut       #.........   100%        5    ######.


Dungeon Overview and Level Annotations

Branches:
Dungeon (11/15)            Temple (1/1) D:7            Lair (0/6) D:11
    Orc (0/2) D:11          IceCv (1/1)

Altars:
Ashenzari
Cheibriados
Dithmenos
Fedhas
Gozag
Hepliaklqana
Kikubaaqudgha
Nemelex Xobeh
Okawaru
Qazlal
Ru
Sif Muna
Trog
Uskayaw
Vehumet
Xom
Yredelemnul
Zin
The Shining One

Shops:
D:11 [


Innate Abilities, Weirdness & Mutations

You reflexively headbutt those who attack you in melee.
You have a pair of horns on your head.
You are weak. (Str -2)


Message History

The death yak simulacrum gores you! The death yak simulacrum freezes you!
You resist.
Unknown command.
You completely miss the death yak simulacrum.
The death yak simulacrum is heavily damaged.
The death yak simulacrum gores you. The death yak simulacrum freezes you!
You resist.
Unknown command.
You hit the death yak simulacrum. You headbutt the death yak simulacrum!
The death yak simulacrum is severely damaged.
You block the alligator simulacrum's attack.
The alligator simulacrum tail-slaps you.
The alligator simulacrum freezes you! You resist.
* * * LOW HITPOINT WARNING * * *
Unknown command.
You feel protected. The death yak simulacrum gores you!
* * * LOW HITPOINT WARNING * * *
The death yak simulacrum freezes you! You resist.
You die...

#####
##...##
##..∩..##
#.......#
#...∩ZZ@#
##....Z##
##...##
#...#
##..Z
#...#
...##
...##


You could see an alligator simulacrum, a death yak simulacrum and a polar bear
simulacrum.

Vanquished Creatures
  An ice dragon (D:11)
  3 two-headed ogres
  A deep elf mage (D:7)
  A manticore (D:8)
  A gargoyle (D:9)
  A rime drake (D:11)
  2 polar bears (D:11)
  A wyvern (D:7)
  A vampire (D:9)
  3 yaks (D:11)
  2 hungry ghosts
  A water moccasin (D:7)
  Duvessa (D:4)
  3 orc warriors
  3 sky beasts
  2 ice beasts
  A phantom (D:9)
  7 ogres
  2 necrophages (D:7)
  A wolf (D:11)
  An eye of draining (D:10)
  5 centaurs
  4 bullfrogs
  2 big kobolds
  A water moccasin zombie (D:7)
  A wyvern zombie (D:7)
  4 scorpions
  Dowan (D:4)
  5 wights (D:6)
  A howler monkey (D:7)
  A centaur zombie (D:8)
  4 crimson imps
  5 bullfrog zombies
  4 hounds
  4 jellies
  7 orc priests
  3 centaur skeletons
  3 bullfrog skeletons
  Ijyb (D:3)
  3 iguanas
  7 orc wizards
  6 worker ants
  A wolf simulacrum (IceCv)
  3 hound skeletons
  3 worker ant zombies
  Robin (D:2)
  7 gnolls (D:4)
  13 adders
  A shadow imp (D:9)
  An adder zombie (D:7)
  5 worms
  A dart slug (D:2)
  4 leopard geckos
  44 orcs
  4 giant cockroaches
  11 goblins
  12 hobgoblins
  8 jackals
  8 quokkas
  2 ball pythons
  10 bats
  5 frilled lizards
  17 kobolds
  A leopard gecko skeleton (D:4)
  A quokka skeleton (D:6)
  8 rats
282 creatures vanquished.

Notes
Turn   | Place    | Note
-------+----------+-------------------------------------------
     0 | D:1      | Peloso the Minotaur Fighter began the quest for the Orb.
     0 | D:1      | Reached XP level 1. HP: 19/19 MP: 0/0
   201 | D:1      | Reached XP level 2. HP: 27/27 MP: 1/1
   250 | D:1      | Identified a +2 pair of boots of running (You found it on
                  | level 1 of the Dungeon)
   677 | D:2      | Reached skill level 3 in Long Blades
   754 | D:2      | Noticed Robin
   769 | D:2      | Reached XP level 3. HP: 33/33 MP: 2/2
   795 | D:2      | Killed Robin
  1086 | D:2      | Reached XP level 4. HP: 40/40 MP: 3/3
  1101 | D:2      | Found a stormy altar of Qazlal.
  1103 | D:2      | Noticed an air elemental
  1103 | D:2      | Noticed a fire elemental
  1104 | D:2      | Noticed a water elemental
  1104 | D:2      | Noticed an earth elemental
  1448 | D:2      | Reached skill level 4 in Long Blades
  1736 | D:3      | Noticed Ijyb
  1757 | D:3      | Killed Ijyb
  1757 | D:3      | Reached XP level 5. HP: 46/46 MP: 4/4
  1808 | D:3      | Found a sacrificial altar of Ru.
  1839 | D:3      | Found a shattered altar of Ashenzari.
  1844 | D:3      | Reached skill level 5 in Shields
  2265 | D:4      | Reached skill level 5 in Long Blades
  2331 | D:3      | Reached skill level 1 in Dodging
  2331 | D:3      | Reached XP level 6. HP: 31/53 MP: 5/5
  2692 | D:4      | Reached skill level 6 in Long Blades
  2692 | D:4      | Reached XP level 7. HP: 16/60 MP: 6/6
  2979 | D:4      | Reached skill level 5 in Armour
  3165 | D:4      | Reached skill level 7 in Long Blades
  3304 | D:4      | Noticed Dowan
  3304 | D:4      | Noticed Duvessa
  3319 | D:4      | Killed Dowan
  3342 | D:4      | Killed Duvessa
  3512 | D:5      | Entered Level 5 of the Dungeon
  3512 | D:5      | Found a shimmering altar of Xom.
  3523 | D:5      | Reached XP level 8. HP: 67/67 MP: 7/7
  3564 | D:5      | Reached skill level 5 in Fighting
  3787 | D:5      | Got a transparent ring mail
  3812 | D:5      | Reached skill level 8 in Long Blades
  4548 | D:6      | Reached XP level 9. HP: 66/75 MP: 8/8
  4923 | D:6      | Reached skill level 9 in Long Blades
  5173 | D:6      | Identified the +4 ring mail of the Several Friends {*Contam
                  | Int+8 SInv} (You found it on level 5 of the Dungeon)
  5627 | D:7      | You fall into a shaft and drop 2 floors!
  5728 | D:9      | Reached skill level 10 in Shields
  5744 | D:9      | Found a radiant altar of Vehumet.
  5985 | D:9      | Reached skill level 10 in Long Blades
  5992 | D:9      | Reached skill level 1 in Stealth
  6012 | D:9      | Noticed a two-headed ogre
  6030 | D:9      | Killed a two-headed ogre
  6030 | D:9      | Reached XP level 10. HP: 40/86 MP: 9/9
  6549 | D:8      | Got a warped whip
  6659 | D:8      | Found a hazy altar of Hepliaklqana.
  6779 | D:8      | Noticed a manticore
  6798 | D:8      | Killed a manticore
  7312 | D:8      | Identified the +3 whip of Cyfiawki {holy, *Noise Int+3}
                  | (You found it on level 8 of the Dungeon)
  7535 | D:7      | Found a glowing golden altar of the Shining One.
  7655 | D:7      | You fall into a shaft and drop 2 floors!
  7751 | D:7      | Noticed a deep elf mage
  7768 | D:7      | Killed a deep elf mage
  7768 | D:7      | Reached skill level 11 in Long Blades
  8069 | D:7      | Found a staircase to the Ecumenical Temple.
  8254 | Temple   | Entered the Ecumenical Temple
  8297 | Temple   | Became a worshipper of Warmaster Okawaru
  8356 | D:10     | Entered Level 10 of the Dungeon
  8390 | D:10     | Gained mutation: You are weak. (Str -2) [mutagenic glow]
  8475 | D:10     | Noticed a gargoyle
  8490 | D:9      | Killed a gargoyle
  8569 | D:10     | Reached skill level 5 in Dodging
  8877 | D:10     | Noticed a two-headed ogre
  9178 | D:9      | Killed a two-headed ogre
  9178 | D:9      | Reached * piety under Okawaru
  9604 | D:11     | Noticed a two-headed ogre
  9619 | D:11     | Found Rycvisum's Armour Shop.
  9647 | D:11     | Killed a two-headed ogre
  9647 | D:11     | Reached ** piety under Okawaru
  9647 | D:11     | Reached XP level 11. HP: 51/94 MP: 10/10
  9755 | D:11     | Found a frozen archway.
  9763 | D:11     | Noticed an ice dragon
  9803 | D:11     | Killed an ice dragon
  9803 | D:11     | Reached skill level 12 in Long Blades
  9997 | IceCv    | Entered an ice cave
 10007 | IceCv    | Slain by a death yak simulacrum

Levels and vault maps discovered:
D:1:      minmay_arrival_cross, layout_loops_ring
D:2:      layout_loops_corners, nicolae_qazlal_style_of_elements, uniq_robin
D:3:      layout_rooms, nicolae_ru_awakened_eye, first_ration,
          evilmike_ruin_ashenzari, uniq_ijyb
D:4:      layout_basic, uniq_duvessa
D:5:      layout_cave_pools, basic_altar
D:6:      layout_rooms
D:7:      minmay_cornered_nines, layout_rooms, temple_doors_e, grunt_ogre_cave,
          tso_altar
D:8:      layout_rooms, overflow_temple_1_default
D:9:      layout_grid_maze, kennysheep_mini
D:10:     layout_irregular_city
D:11:     layout_stronghold, dpeg_lair_monsters,
          kennysheep_orc_monster_closet_entryway, serial_shops, shop,
          serial_column_ruins, column_ruins_grid_1, column_ruins_open_medium,
          column_ruins_open_medium, column_ruins_open_tiny,
          portal_ice_cave_entry_animals_and_master, uniq_snorg
Temple:   compressed_dpeg_circular_temple
IceCv:    ice_cave_small_necro

Skill      XL: |  1  2  3  4  5  6  7  8  9 10 11 |
---------------+----------------------------------+-----
Long Blades    | 3 4 5 6 7 8 10 11 12 | 12.3
Armour         | 4 5 7 8 |  8.9
Shields        | 4 5 6 7 8 10 11 | 11.8
Fighting       | 4 5 7 8 |  8.7
Dodging        | 1 2 4 5 |  5.4
Stealth        | 1 3 |  3.1
Invocations    | |  0.1

Action                   |  1- 3 |  4- 6 |  7- 9 | 10-12 || total
-------------------------+-------+-------+-------+-------++-------
Melee: Long sword        |    90 |   176 |       |       ||   266
       Headbutt          |    16 |    37 |   104 |    72 ||   229
       Falchion          |       |    15 |   377 |   266 ||   658
Invok: Heroism           |       |       |       |     1 ||     1
  Use: Potion            |     4 |       |     1 |     5 ||    10
       Scroll            |     4 |       |     3 |     7 ||    14
 Stab: Sleeping          |       |       |       |     1 ||     1
  Eat: Chunk             |       |     6 |    10 |     9 ||    25
       Ration            |       |       |       |     2 ||     2
Armor: Scale mail        |    27 |       |       |       ||    27
       Chain mail        |    15 |   116 |   113 |    62 ||   306
       Ring mail         |       |       |    55 |    23 ||    78
Dodge: Dodged            |    19 |    47 |   138 |    73 ||   277
Block: Shield            |    54 |   112 |   275 |   158 ||   599
       Rpst.: Long sword |     3 |     8 |       |       ||    11
       Falchion          |       |       |    30 |    10 ||    40
